 Dungeon Crawl Stone Soup version 0.22-a0-402-ga933591 (webtiles) character file.

270 KristoblXynda the Ruffian (level 6, -4/53 HPs)
             Began as a Troll Wizard on May 7, 2018.
             Slain by a wight
             ... wielding a +3 battleaxe
              (14 damage)
             ... on level 3 of the Dungeon.
             The game lasted 00:04:15 (1938 turns).

KristoblXynda the Ruffian (Troll Wizard)            Turns: 1938, Time: 00:04:16

Health: -4/53      AC:  5    Str: 16    XL:     6   Next: 1%
Magic:  8/8        EV:  9    Int: 16    God:
Gold:   107        SH:  0    Dex:  8    Spells: 5/9 levels left

rFire    . . .     SeeInvis .     - Unarmed
rCold    . . .     Gourm    +   (no shield)
rNeg     . . .     Faith    .   a - +0 robe
rPois    .         Spirit   .   b - +0 hat
rElec    .         Reflect  .   (no cloak)
rCorr    .         Harm     .   (gloves unavailable)
MR       .....                  (boots unavailable)
Stlth    +.........             (no amulet)
HPRegen  0.57/turn              (no ring)
MPRegen  0.11/turn              (no ring)

@: heavily drained
A: large, unfitting armour, claws 3, fast metabolism 3, gourmand, regeneration
1, shaggy fur 1, tough skin 2
a: no special abilities


You were on level 3 of the Dungeon.
You were not hungry.

You visited 1 branch of the dungeon, and saw 3 of its levels.

You collected 107 gold pieces.

Inventory:

Armour
 a - a +0 robe (worn)
 b - a +0 hat (worn)
Scrolls
 f - a scroll of fear
 k - a scroll of identify {unknown}
Potions
 c - a potion of brilliance {unknown}
 e - a potion of might {unknown}
 g - a potion of magic {unknown}
 h - a potion of heal wounds {unknown}
 j - a potion of flight {unknown}
Comestibles
 d - 10 rations


   Skills:
 - Level 1.5(0.2) Dodging
 - Level 1.0(0.0) Stealth
 * Level 4.0(2.6) Unarmed Combat
 - Level 2.0(0.6) Spellcasting
 * Level 3.1(1.8) Conjurations
   Level 0.6(0.0) Summonings
   Level 0.6(0.0) Translocations


You had 5 spell levels left.
You knew the following spells:

 Your Spells              Type           Power        Failure   Level  Hunger
a - Magic Dart            Conj           #...         12%         1    ##.....
b - Mephitic Cloud        Conj/Pois/Air  #.......     50%         3    ####...


Dungeon Overview and Level Annotations

Branches:
Dungeon (3/15)

Altars:
Dithmenos
Vehumet


Innate Abilities, Weirdness & Mutations

You are too large for most types of armour.
You have claws for hands.
Your metabolism is lightning-fast.
You like to eat raw meat.
Your natural rate of healing is unusually fast.
You are covered in fur. (AC +1)
You have very tough skin. (AC +2)


Message History

Okay, then.
The orc wizard casts a spell.
The orc wizard blinks!
You feel sick.
The orc wizard is no longer moving quickly.
You feel sick.
You are no longer poisoned.
The orc wizard gestures wildly while chanting.
The orc wizard blinks!
The wight hits you with an enchanted battleaxe!
* * * LOW HITPOINT WARNING * * *
You feel drained.
* * * LOW HITPOINT WARNING * * *
Items here: )) [[ a great sword; a robe; a trident; a robe
As you read the scroll labeled XITAKA LARUN, it crumbles to dust.
You feel blessed for a moment.
It was a scroll of remove curse.
Unknown command.
The wight hits you with an enchanted battleaxe!
You die...

# #............##.#####
#..#.............z.o...#
.......(........#...z.###
...#.......!.(....##..#.
. #..........#..####...
####.#....##..# ##..
#......##..# #z)
##..#.......#####zs
#.@....).#..##.....
#z≈≈≈...##......#..
##.≈)≈.........#o#..
#.z≈≈≈..##....##†#..
#.z.........#z.#.#..
#.####.......#.#z###
#......)###....#z...
###)##### ####...#..
#z###########.....


You could see 3 wights.

Vanquished Creatures
  4 wights (D:3)
  4 adders
  An ooze (D:3)
  A worm (D:2)
  4 dart slugs
  A leopard gecko (D:2)
  An orc (D:3)
  2 giant cockroaches (D:3)
  7 goblins
  4 hobgoblins
  3 jackals (D:2)
  4 quokkas
  2 bats (D:1)
  A frilled lizard (D:1)
  7 kobolds
  7 rats
53 creatures vanquished.

Notes
Turn   | Place    | Note
-------+----------+-------------------------------------------
     0 | D:1      | KristoblXynda the Troll Wizard began the quest for the Orb.
     0 | D:1      | Reached XP level 1. HP: 16/16 MP: 2/2
    72 | D:1      | Reached skill level 1 in Conjurations
   153 | D:1      | Reached skill level 1 in Unarmed Combat
   153 | D:1      | Reached XP level 2. HP: 20/24 MP: 4/4
   903 | D:2      | Found a shadowy altar of Dithmenos.
   991 | D:2      | Reached XP level 3. HP: 31/31 MP: 5/5
  1025 | D:2      | Reached skill level 2 in Unarmed Combat
  1268 | D:2      | Found a faded altar of an unknown god.
  1364 | D:2      | Reached XP level 4. HP: 31/39 MP: 6/6
  1676 | D:3      | Reached skill level 3 in Unarmed Combat
  1690 | D:3      | Learned a level 3 spell: Mephitic Cloud
  1690 | D:3      | Found a radiant altar of Vehumet.
  1760 | D:3      | Reached XP level 5. HP: 21/45 MP: 2/7
  1833 | D:3      | Reached skill level 4 in Unarmed Combat
  1903 | D:3      | Reached XP level 6. HP: 50/53 MP: 8/8
  1938 | D:3      | Slain by a wight

Vault maps used:
D:1:      matt_arrival_refuge, minmay_hedge_maze
D:2:      grunt_dithmenos_smoke, chequers_ecumenical_altar_lobes,
          serial_park_tiny_pond
D:3:      lemuel_round_altar, vehumet_crystals, corexii_item_surrounded_by_moat,
          minmay_misc_feat_roman

Skill      XL: |  1  2  3  4  5 |
---------------+----------------+-----
Conjurations   | 1 2 3 |  3.1
Unarmed Combat | 1 2 3 4 |  4.0
Dodging        | |  1.5
Stealth        | |  1.0
Spellcasting   | |  2.0
Summonings     | |  0.6
Translocations | |  0.6

Action                   |  1- 3 |  4- 6 || total
-------------------------+-------+-------++-------
Melee: Unarmed           |   122 |    63 ||   185
       Punch             |     1 |       ||     1
 Cast: Magic Dart        |       |    10 ||    10
  Use: Scroll            |       |     2 ||     2
 Stab: Sleeping          |       |     1 ||     1
  Eat: Chunk             |    12 |     6 ||    18
Armor: Robe              |    59 |    13 ||    72
Dodge: Dodged            |    70 |    30 ||   100

Table legend:
 A = Spawn XP
 B = Non-spawn XP
 C = Spawn XP percentage of total XP
 D = Spawn monster count
 E = Non-spawn monster count
 F = Spawn count percentage of total count
 G = Total turns spent on level
                    A         B        C        D         E        F      G
               +---------+---------+-------+---------+---------+-------+---------
         Total |       0 |     386 |   0.0 |       0 |      53 |   0.0 |  1938
               +---------+---------+-------+---------+---------+-------+---------
           D:1 |       0 |      31 |   0.0 |       0 |      19 |   0.0 |   903
           D:2 |       0 |      79 |   0.0 |       0 |      20 |   0.0 |   711
           D:3 |       0 |     276 |   0.0 |       0 |      14 |   0.0 |   324
               +---------+---------+-------+---------+---------+-------+---------
